Map: Frozen Temple

Players

MarineLorD

  • Race: Terran Terran
  • League: Master

Elazer - Winner!

  • Race: Zerg Zerg
  • League: Master

VOD

https://www.youtube.com/watch?v=vzr3_tzBpLU

Description

Time

  • Played on: Nov. 23, 2016, 1:05 p.m.
  • Length: 14:35
Show
View Real Time Build Order
Export as new Build Order

MarineLorD Terran 

Build Orders: Reaper Expand, Mech 

Get SALT Encoding   

  12  0:00  SCV  
  13  0:13  SCV  
  14  0:17  Supply Depot  
  14  0:25  SCV  
  15  0:31  Refinery  
  15  0:39  SCV  
  16  0:44  Barracks  
  16  0:51  SCV  
  17  1:03  SCV  
  18  1:15  SCV  
  19  1:30  Orbital Command  
  19  1:31  Reaper  
  20  1:42  Command Center  
  20  1:53  Factory  
  20  1:56  SCV  
  20  2:01  Refinery  
  22  2:08  SCV  
  22  2:09  Barracks Reactor  
  22  2:13  Supply Depot  
  22  2:20  SCV  
  23  2:34  SCV  
  24  2:47  SCV  
  24  2:49  Factory  
  29  2:51  Hellion x2  
  29  2:59  Barracks Reactor, SCV  
  29  3:02  Orbital Command  
  30  3:11  SCV  
  31  3:16  Hellion x2  
  35  3:23  SCV  
  36  3:29  SCV  
  37  3:35  SCV  
  37  3:37  Cyclone x2  
  44  3:43  Supply Depot  
  44  3:44  Supply Depot, SCV  
  44  3:47  SCV  
  46  4:05  Hellion x2, Supply Depot, SCV x2  
  46  4:08  Supply Depot  
  52  4:17  Cyclone, SCV x2  
  52  4:19  Cyclone  
  60  4:29  SCV x2  
  62  4:34  Hellion x2  
  64  4:41  SCV  
  65  4:49  Hellion, SCV  
  65  4:51  Hellion  
  70  4:53  SCV  
  71  5:01  Command Center, Barracks Tech Lab  
  71  5:04  SCV  
  71  5:05  SCV  
  73  5:07  Refinery x2  
  73  5:08  Hellion  
  73  5:10  Hellion  
  77  5:16  SCV  
  78  5:21  Supply Depot  
  78  5:23  Supply Depot  
  78  5:41  Hellion, SCV  
  77  5:43  Hellion  
  77  5:45  Armory, Factory  
  77  5:49  Armory  
  79  5:50  SCV  
  79  5:53  Siege Tank, SCV  
  79  5:54  Infernal Pre-Igniter  
  84  6:02  SCV  
  84  6:03  Barracks Tech Lab  
  85  6:05  SCV  
  86  6:16  Orbital Command  
  86  6:17  SCV  
  87  6:21  SCV  
  87  6:25  Siege Tank  
  91  6:29  SCV  
  92  6:35  SCV  
  92  6:36  Starport  
  92  6:37  Orbital Command  
  93  6:41  SCV  
  93  6:46  Siege Tank  
  95  6:54  SCV x2  
  97  6:57  Siege Tank, Hellion  
  97  6:58  Hellion, Factory x2  
  97  7:01  Refinery  
  104  7:02  Refinery  
  104  7:03  Supply Depot  
  104  7:04  Engineering Bay, Terran Vehicle Weapons Level 1  
  104  7:05  SCV  
  104  7:06  SCV  
  104  7:08  SCV  
  107  7:17  SCV  
  107  7:18  SCV  
  107  7:19  Terran Vehicle And Ship Armor Level 1, Supply Depot  
  107  7:21  Supply Depot  
  109  7:24  SCV  
  109  7:29  SCV  
  111  7:30  SCV  
  111  7:36  SCV  
  108  7:39  Siege Tank x2  
  108  7:42  SCV  
  108  7:43  Missile Turret  
  111  7:47  Factory Reactor, Factory Tech Lab  
  111  7:48  SCV  
  112  7:53  SCV  
  112  7:54  Supply Depot  
  112  7:55  Supply Depot, Missile Turret  
  112  7:56  Missile Turret  
  113  8:00  Viking x2  
  113  8:01  SCV  
  113  8:04  Supply Depot  
  118  8:08  SCV x2  
  118  8:11  Supply Depot  
  118  8:12  Supply Depot  
  123  8:13  Thor, SCV  
  125  8:24  Siege Tank  
  128  8:29  Missile Turret  
  128  8:30  Siege Tank  
  131  8:37  Command Center  
  131  8:38  Missile Turret  
  131  8:39  Medivac x2  
  135  8:51  Supply Depot  
  135  8:52  Supply Depot  
  135  8:53  Supply Depot  
  135  8:55  Hellbat x3  
  141  8:56  Siege Tank x2, Supply Depot  
  145  9:16  Siege Tank  
  136  9:18  Hellbat x2  
  140  9:27  Command Center  
  140  9:28  Siege Tank  
  140  9:29  Hellbat  
  140  9:30  Siege Tank, Hellbat  
  150  9:31  Viking x2  
  150  9:37  Starport  
  154  9:38  Supply Depot  
  154  9:47  Hellbat  
  154  9:48  Siege Tank, Hellbat  
  154  9:51  Command Center, Hellbat  
  163  10:00  Siege Tank  
  163  10:01  Viking x2  
  163  10:04  Missile Turret  
  168  10:17  Siege Tank  
  168  10:20  Siege Tank  
  174  10:31  Viking x2  
  178  10:43  Siege Tank  
  178  10:44  Hellbat x2  
  178  10:48  Hellbat x2  
  178  10:49  Siege Tank  
  190  10:52  Siege Tank  
  185  11:05  Hellbat x2  
  189  11:12  Viking  
  189  11:13  Viking  
  189  11:15  Siege Tank  
  184  11:19  Terran Vehicle Weapons Level 2  
  184  11:22  Siege Tank  
  184  11:24  Siege Tank  
  190  11:27  Orbital Command  
  190  11:34  Hellbat x2  
  186  11:40  Hellion x2  
  186  11:44  Refinery  
  186  11:45  Refinery  
  161  11:47  Siege Tank  
  161  11:54  Siege Tank  
  146  11:56  Siege Tank, Hellbat x2  
  133  12:02  Hellion  
  133  12:03  Hellion  
  116  12:12  Viking  
  116  12:13  Viking  
  108  12:17  Hellbat  
  108  12:20  Siege Tank  
  108  12:25  Orbital Command  
  108  12:26  Siege Tank, Hellion  
  108  12:28  Siege Tank  
  113  12:31  Planetary Fortress  
  113  12:42  Hellion x3, Orbital Command  
  113  12:43  Hellion x2  
  113  12:51  Viking x2  
  117  12:54  Missile Turret  
  117  13:02  Siege Tank  
  117  13:05  Sensor Tower  
  120  13:07  Siege Tank  
  120  13:12  Siege Tank  
  124  13:16  SCV x4  
  116  13:32  Hellbat  
  116  13:33  SCV  
  116  13:34  Siege Tank, SCV x2  
  119  13:36  Refinery, Viking  
  119  13:38  Starport Reactor  
  119  13:39  Siege Tank  
  124  13:45  Viking  
  126  13:53  Missile Turret  
Show
View Real Time Build Order
Export as new Build Order

Elazer Zerg - Winner!

Build Orders: Pool First 

Get SALT Encoding   

  12  0:00  Drone  
  13  0:12  Overlord  
  13  0:17  Drone  
  14  0:31  Drone x2  
  14  0:34  Drone  
  17  0:45  Extractor, Drone  
  17  0:50  Spawning Pool  
  17  0:56  Drone  
  17  1:06  Drone  
  18  1:17  Hatchery  
  17  1:21  Drone  
  18  1:36  Queen  
  18  1:37  Zergling x2  
  21  1:45  Metabolic Boost  
  21  1:49  Overlord  
  21  1:58  Drone  
  22  2:08  Drone  
  23  2:12  Queen  
  25  2:26  Drone  
  25  2:27  Drone  
  25  2:29  Drone  
  28  2:31  Pneumatized Carapace  
  28  2:32  Drone  
  29  2:40  Drone  
  29  2:44  Drone  
  31  2:47  Drone  
  31  2:57  Hatchery, Overlord  
  30  2:58  Drone  
  30  3:03  Drone x2  
  33  3:08  Zergling x2  
  34  3:15  Zergling x2  
  34  3:16  Queen  
  34  3:19  Zergling x2  
  39  3:20  Zergling x2  
  39  3:22  Drone x2  
  39  3:25  Overlord  
  41  3:30  Drone  
  42  3:37  Zergling x2, Roach Warren  
  42  3:40  Drone  
  43  3:45  Drone  
  43  3:47  Drone  
  43  3:48  Drone x2  
  47  3:51  Overlord  
  47  3:53  Queen  
  49  3:58  Queen  
  49  4:00  Zergling x2  
  52  4:05  Overlord  
  52  4:14  Extractor  
  52  4:15  Drone x2  
  52  4:16  Drone  
  54  4:20  Roach x4  
  62  4:26  Roach  
  62  4:27  Overlord  
  64  4:34  Queen  
  64  4:37  Roach  
  68  4:43  Roach  
  70  4:48  Overlord, Drone x5  
  70  4:51  Drone  
  70  4:52  Drone  
  77  5:01  Overlord  
  77  5:06  Lair, Drone  
  81  5:07  Drone x3  
  81  5:17  Extractor  
  80  5:22  Drone x3  
  80  5:25  Overlord  
  80  5:28  Roach x6  
  93  5:38  Overlord  
  93  5:46  Roach  
  93  5:47  Roach x3  
  93  5:49  Drone x5  
  106  5:52  Overlord, Extractor  
  106  5:54  Ravager  
  106  5:57  Drone x2  
  106  5:58  Drone x2, Extractor  
  106  6:00  Drone x2  
  106  6:01  Drone  
  112  6:06  Drone  
  113  6:12  Overlord  
  107  6:26  Burrow  
  107  6:27  Glial Reconstitution  
  107  6:29  Drone  
  107  6:30  Drone  
  107  6:31  Hydralisk Den  
  107  6:32  Extractor  
  107  6:34  Overlord, Drone x3  
  107  6:37  Hatchery  
  109  6:41  Roach x3  
  109  6:42  Roach x3  
  121  6:53  Overlord  
  121  6:56  Drone x2  
  121  6:58  Drone x4  
  121  6:59  Evolution Chamber  
  126  7:02  Evolution Chamber  
  126  7:08  Hydralisk x2, Grooved Spines  
  125  7:14  Hydralisk x4, Overlord  
  137  7:18  Drone  
  137  7:20  Infestation Pit  
  137  7:22  Drone  
  138  7:27  Overlord  
  138  7:35  Drone x3  
  141  7:41  Overlord  
  127  7:45  Zerg Ground Armor Level 1, Zerg Missile Weapons Level 1  
  127  7:46  Tunneling Claws  
  127  7:49  Queen  
  127  7:53  Overlord  
  127  7:55  Hatchery  
  127  7:56  Drone x7  
  127  7:58  Hydralisk x3  
  135  8:04  Hive  
  139  8:13  Roach x6  
  139  8:15  Overseer  
  151  8:30  Roach x7  
  151  8:33  Overlord x3  
  165  8:41  Hydralisk  
  165  8:42  Hydralisk x3  
  165  8:47  Overlord x2  
  173  9:04  Muscular Augments  
  169  9:11  Spore Crawler x2  
  169  9:12  Drone x6  
  169  9:13  Drone  
  148  9:17  Roach, Extractor  
  148  9:18  Extractor, Roach x8  
  148  9:23  Roach x8  
  173  9:27  Viper  
  173  9:28  Viper  
  179  9:33  Drone  
  179  9:34  Drone x5  
  179  9:37  Roach x7  
  185  9:39  Overlord  
  185  9:41  Viper  
  188  9:49  Overlord  
  188  9:55  Spine Crawler  
  188  9:57  Spine Crawler  
  186  10:03  Hatchery  
  185  10:19  Hydralisk  
  185  10:20  Hydralisk x5  
  197  10:22  Hydralisk  
  199  10:31  Overlord  
  199  10:34  Roach x6  
  199  10:38  Zerg Missile Weapons Level 2, Zerg Ground Armor Level 2  
  199  10:40  Drone  
  199  10:41  Spire  
  177  11:00  Roach x3  
  177  11:01  Roach x4  
  172  11:17  Roach x14  
  165  11:20  Roach x16  
  165  11:24  Roach  
  165  11:25  Roach  
  159  11:51  Roach x10  
  159  11:52  Roach x5  
  175  11:56  Greater Spire  
  159  12:02  Viper x3  
  148  12:08  Roach  
  148  12:09  Roach x6  
  148  12:15  Roach x2  
  150  12:31  Hydralisk x10  
  170  12:39  Drone x5  
  170  12:41  Spine Crawler x2  
  173  12:45  Roach x4  
  173  12:49  Hydralisk  
  173  12:50  Hydralisk x5  
  185  12:51  Roach  
  185  12:53  Roach  
  185  12:55  Roach  
  185  12:59  Hatchery  
  184  13:05  Roach  
  184  13:16  Corruptor x6  
  196  13:22  Roach x4, Drone x5  
  196  13:23  Drone x2  
  191  13:43  Overseer  
  191  13:45  Overseer  
  191  13:55  Brood Lord  
Tags
 
Add a new tag
Caveats
  • Supply blocks, unpowered buildings, or Contaminate may cause inaccurate times.
  • Supply counts are checked every 10 seconds.